 Dungeon Crawl Stone Soup version 0.23.2 (webtiles) character file.

Game seed: 12658102447581278947

36143 Borgoz the Slicer (level 13, -1/80 HPs)
             Began as a Gargoyle Gladiator on Apr 12, 2019.
             Was an Elder of Ashenzari.
             Slain by a wolf (8 damage)
             ... on level 6 of the Lair of Beasts.
             The game lasted 00:35:33 (16460 turns).

Borgoz the Slicer (Gargoyle Gladiator)             Turns: 16460, Time: 00:35:35

Health: -1/80      AC: 25    Str: 20    XL:     13   Next: 88%
Magic:  20/20      EV: 19    Int: 10    God:    Ashenzari [****..]
Gold:   1018       SH:  0    Dex: 19    Spells: 18/22 levels left

rFire    . . .     SeeInvis +   a - +9 dagger of Youthful Indiscretion {protect, Stlth+}
rCold    . . .     Gourm    .   (no shield)
rNeg     + + .     Faith    .   m - +1 ring mail of Fumiz {rN+}
rPois    ∞         Spirit   .   c - +1 helmet
rElec    +         Reflect  .   (no cloak)
rCorr    .         Harm     .   (no gloves)
MR       .....     Clarity  +   M - +0 pair of boots
Stlth    ++++......             E - amulet of regeneration
HPRegen  0.63/turn              x - ring of the Sunfish {+Blink +Fly Dex+6}
MPRegen  0.17/turn              q - +4 ring of protection

@: confusing touch, very slightly contaminated, invisible
A: negative energy resistance 1, electricity resistance, unbreathing,
petrification resistance, rot immunity, AC +9
a: Curse Item, Scrying, Renounce Religion, Evoke Blink, Evoke Flight


You were on level 6 of the Lair of Beasts.
You worshipped Ashenzari.
Ashenzari was greatly pleased with you.
You were hungry.

You visited 3 branches of the dungeon, and saw 18 of its levels.

You collected 1018 gold pieces.

Inventory:

Hand Weapons
 a - the +9 dagger of Youthful Indiscretion (weapon) {protect, Stlth+}
   (You found it on level 5 of the Lair of Beasts)

   It protects the one who uses it against injury (+AC on strike).
   It makes you more stealthy.
 b - a +3 short sword of venom
 s - a +0 rapier
Missiles
 i - 2 throwing nets (quivered)
Armour
 c - a +1 helmet (worn)
 m - the +1 ring mail of Fumiz (worn) {rN+}
   (You found it on level 4 of the Dungeon)

   It protects you from negative energy.
 M - a +0 pair of boots (worn)
Jewellery
 j - an uncursed amulet of harm
 o - an uncursed ring of resist corrosion
 q - a +4 ring of protection (right hand)
 t - an uncursed ring of protection from fire
 x - the ring of the Sunfish (left hand) {+Blink +Fly Dex+6}
   (You found it on level 5 of the Dungeon)

   [ring of flight]

   It affects your dexterity (+6).
   It lets you fly.
   It lets you blink.
 E - an amulet of regeneration (around neck)
Wands
 C - a wand of digging (5)
 K - a wand of acid (6)
Scrolls
 e - 6 scrolls of teleportation
 g - a scroll of summoning {unknown}
 h - a scroll of random uselessness {unknown}
 l - 3 scrolls of remove curse
 n - 5 scrolls of magic mapping
 r - 2 scrolls of enchant armour
 y - 2 scrolls of fog
 D - a scroll of blinking
 F - a scroll of vulnerability {unknown}
 H - a scroll of noise {unknown}
 I - a scroll of fear {unknown}
 L - a scroll of enchant weapon
Potions
 d - 2 potions of haste
 k - a potion of invisibility
 p - 2 potions of agility
 u - 5 potions of might
 z - a potion of curing
 B - 2 potions of resistance
 G - a potion of berserk rage {unknown}
 J - 2 potions of cancellation
Comestibles
 f - 32 rations
 v - a chunk of flesh


   Skills:
 + Level 9.5 Fighting
 * Level 11.2 Short Blades
 - Level 1.7 Throwing
 + Level 9.2 Armour
 * Level 10.3 Dodging
 + Level 6.0 Stealth
 - Level 5.0 Spellcasting
 + Level 6.4 Hexes
 - Level 5.0 Evocations


You had 18 spell levels left.
You knew the following spells:

 Your Spells              Type           Power        Failure   Level  Hunger
a - Confusing Touch       Hex            ###...       2%          1    None
b - Confuse               Hex            ###.....     8%          3    ###....

Your spell library contained the following spells:

 Spells                   Type           Power        Failure   Level  Hunger
 Dazzling Spray           Conj/Hex       #.....       28%         3    ###....
 Spectral Weapon          Hex/Chrm       #.......     28%         3    ###....
 Infusion                 Chrm           #...         34%         1    None
 Magic Dart               Conj           #...         34%         1    None
 Searing Ray              Conj           #.....       45%         2    ##.....
 Shroud of Golubria       Chrm/Tloc      #.........   45%         2    ##.....
 Song of Slaying          Chrm           #.......     45%         2    ##.....
 Fulminant Prism          Conj/Hex       #.........   67%         4    ####...
 Gell's Gravitas          Tloc           #.........   71%         3    ###....
 Regeneration             Chrm/Necr      #.........   71%         3    ###....
 Metabolic Englaciation   Hex/Ice        #.........   95%         5    ######.
 Yara's Violent Unravell  Hex/Tmut       #.........   95%         5    ######.
 Force Lance              Conj/Tloc      #.......     98%         4    ####...
 Iskenderun's Mystic Bla  Conj           #.......     98%         4    ####...
 Petrify                  Tmut/Erth      #.......     98%         4    ####...


Dungeon Overview and Level Annotations

Branches:
Dungeon (11/15)            Temple (1/1) D:5            Lair (6/6) D:10
 Shoals (0/4) Lair:4        Snake (0/4) Lair:2          Orc (0/2) D:11
  Slime: Lair:5-6

Altars:
Ashenzari
Cheibriados
Dithmenos
Elyvilon
Fedhas
Gozag
Hepliaklqana
Kikubaaqudgha
Makhleb
Nemelex Xobeh
Okawaru
Qazlal
Ru
Sif Muna
Trog
Uskayaw
Vehumet
Wu Jian
Xom
Yredelemnul
Zin
The Shining One

Shops:
D:6 *   D:9 %   D:11 (

Portals:
Trove: D:11 (give 2 scrolls of acquirement)


Innate Abilities, Weirdness & Mutations

You are resistant to torment.
Your stone body is resilient. (AC +9)
You are immune to poison.
You resist negative energy. (rN+)
You are resistant to electric shocks. (rElec)
You can survive without breathing.
You are immune to petrification.
You are immune to rotting.


Message History

The eight-headed hydra misses you.
The eight-headed hydra bites you but does no damage. x5
The eight-headed hydra barely misses you.
The eight-headed hydra bites you but does no damage.
The wolf barely misses you.
You feel better. The water moccasin barely misses you.
The wolf barely misses you.
The eight-headed hydra bites you but does no damage.
The eight-headed hydra misses you.
The eight-headed hydra bites you but does no damage.
The eight-headed hydra misses you.
The eight-headed hydra bites you but does no damage.
The eight-headed hydra barely misses you.
The eight-headed hydra bites you but does no damage.
The eight-headed hydra bites you!
* * * LOW HITPOINT WARNING * * *
You hit the eight-headed hydra but do no damage.
The eight-headed hydra is moderately wounded.
The wolf bites you!
You die...

####.##.####
#.#......#.# *
##..........##
#............#
*, ,
#P..........##
,, #...........#
* #...........#
, #...........#
, ##....@S...##
#....D†h...#* **
,,
#............# ,
, ,
##............
,, ,,
#.............,,
,,
#............. ,
,,,
#.............
,,.....
*#.............
...... * *,,, ,
, , .......


You could see an eight-headed hydra (wandering), a water moccasin and a wolf.

Vanquished Creatures
  Fannar (D:11)
  Erolcha (D:9)
  The ghost of beigtais the Destroyer, a journeyman DsCj of Vehumet (Lair:5)
  8 hydras
  Erica (D:9)
  An alligator (Lair:5)
  A wizard (D:11)
  An ugly thing (D:11)
  A cyclops (D:11)
  A manticore (D:11)
  12 elephants
  4 black mambas
  A torpor snail (Lair:5)
  6 spiny frogs
  A gargoyle (D:10)
  4 komodo dragons
  A merfolk (D:11)
  Grinder (D:3)
  A polar bear (Lair:4)
  10 blink frogs
  A hornet (D:11)
  9 hippogriffs
  A shadow (D:11)
  Sigmund (D:3)
  A wyvern (D:11)
  2 vampires (D:11)
  20 yaks
  2 hungry ghosts
  3 basilisks
  An acid dragon (D:11)
  2 nagas (Lair:2)
  14 water moccasins
  4 porcupines
  6 orc warriors
  2 sky beasts
  2 ice beasts
  2 phantoms
  A necrophage (D:10)
  4 ogres
  13 wolves
  4 centaurs
  10 crocodiles
  2 big kobolds
  12 bullfrogs
  6 killer bees (D:10)
  3 scorpions
  A water moccasin skeleton (D:11)
  16 wights
  2 electric eels (Lair:3)
  3 crimson imps
  A centaur zombie (D:8)
  A bullfrog zombie (D:9)
  3 jellies
  3 orc priests
  2 hounds
  3 bullfrog skeletons
  4 centaur skeletons
  6 hell rats (Lair:5)
  An iguana (D:11)
  3 orc wizards
  5 worker ants
  2 hound skeletons
  2 worker ant zombies
  Robin (D:3)
  2 howler monkey skeletons
  14 adders
  7 gnolls
  3 shadow imps
  3 worms
  An adder skeleton (D:9)
  A dart slug (D:5)
  5 leopard geckos
  25 orcs
  7 bats (D:1)
  5 giant cockroaches
  13 goblins
  11 hobgoblins
  18 jackals
  9 kobolds
  2 quokkas (D:2)
  2 ball pythons (D:6)
  A ball python skeleton (D:4)
  7 frilled lizards
  5 rats
  2 fungi (Lair:4)
  A plant (Lair:3)
389 creatures vanquished.

Vanquished Creatures (others)
  An adder (D:7)
  A gnoll (D:7)
  A quokka (D:7)
  A bush (Lair:4)
  13 fungi
  15 plants
32 creatures vanquished.

Grand Total: 421 creatures vanquished

Notes
Turn   | Place    | Note
-------+----------+-------------------------------------------
     0 | D:1      | Borgoz the Gargoyle Gladiator began the quest for the Orb.
     0 | D:1      | Reached XP level 1. HP: 12/12 MP: 1/1
    98 | D:1      | Reached XP level 2. HP: 15/17 MP: 2/2
   181 | D:1      | Reached skill level 3 in Short Blades
   612 | D:1      | Reached XP level 3. HP: 22/22 MP: 3/3
   976 | D:2      | Noticed a phantom
  1023 | D:2      | HP: 1/33 [phantom (4)]
  1362 | D:2      | Reached skill level 1 in Stealth
  1375 | D:2      | Reached skill level 1 in Armour
  1465 | D:2      | Reached XP level 4. HP: 15/27 MP: 4/4
  1782 | D:2      | Killed a phantom
  1782 | D:2      | Reached XP level 5. HP: 8/32 MP: 5/5
  2358 | D:2      | Found a glowing golden altar of the Shining One.
  2658 | D:3      | Noticed Grinder
  2676 | D:3      | Killed Grinder
  2676 | D:3      | Reached skill level 4 in Short Blades
  2676 | D:3      | Reached XP level 6. HP: 4/37 MP: 6/6
  2969 | D:3      | Found an ancient bone altar of Kikubaaqudgha.
  3020 | D:3      | Noticed Robin
  3062 | D:3      | Killed Robin
  3062 | D:3      | Reached XP level 7. HP: 33/41 MP: 7/7
  3126 | D:3      | Found a faded altar of an unknown god.
  3370 | D:3      | Found a snail-covered altar of Cheibriados.
  3371 | D:3      | Found a stormy altar of Qazlal.
  3384 | D:3      | Found a blossoming altar of Fedhas.
  3422 | D:3      | Noticed Sigmund
  3439 | D:3      | Killed Sigmund
  3998 | D:4      | Got a spiked ring mail
  4009 | D:4      | Identified the +1 ring mail of Fumiz {rN+} (You found it on
                  | level 4 of the Dungeon)
  4045 | D:4      | Found a hide-covered altar of Uskayaw.
  4203 | D:5      | Entered Level 5 of the Dungeon
  4351 | D:5      | Reached skill level 5 in Short Blades
  4360 | D:5      | Reached XP level 8. HP: 48/48 MP: 8/8
  4417 | D:5      | Found a staircase to the Ecumenical Temple.
  4506 | Temple   | Entered the Ecumenical Temple
  4926 | D:5      | Found an ornate altar of the Wu Jian Council.
  4937 | D:5      | Got a shimmering brass ring
  4939 | D:5      | Identified the ring of the Sunfish {+Blink +Fly Dex+6} (You
                  | found it on level 5 of the Dungeon)
  5256 | D:6      | Found Moduschaduh's Lightly-Used Armoury.
  5288 | D:6      | Reached skill level 5 in Dodging
  5739 | D:6      | Found a shattered altar of Ashenzari.
  5751 | D:6      | Became a worshipper of Ashenzari the Shackled
  6104 | D:7      | Reached skill level 6 in Short Blades
  6109 | D:7      | Reached skill level 5 in Fighting
  6114 | D:7      | Reached XP level 9. HP: 26/54 MP: 9/9
  6125 | D:7      | Found an iron altar of Okawaru.
  6323 | D:7      | Learned a level 1 spell: Confusing Touch
  6327 | D:7      | Learned a level 3 spell: Confuse
  6432 | D:7      | Found a bloodstained altar of Trog.
  6432 | D:7      | Found a shadowy altar of Dithmenos.
  6595 | D:7      | Found a white marble altar of Elyvilon.
  6823 | D:8      | Reached skill level 1 in Spellcasting
  6823 | D:8      | Reached skill level 1 in Hexes
  6869 | D:8      | Found a blossoming altar of Fedhas.
  6980 | D:8      | Reached skill level 5 in Armour
  7060 | D:8      | Reached * piety under Ashenzari
  7648 | D:9      | Found a sacrificial altar of Ru.
  7733 | D:9      | Found Byumauga's Food Shoppe.
  7817 | D:9      | Reached skill level 1 in Evocations
  7820 | D:9      | Noticed Erolcha
  7839 | D:9      | Killed Erolcha
  7839 | D:9      | Reached skill level 7 in Short Blades
  7839 | D:9      | Reached XP level 10. HP: 60/60 MP: 11/13
  8017 | D:9      | Noticed Erica
  8033 | D:9      | Killed Erica
  8164 | D:9      | Reached skill level 5 in Stealth
  8389 | D:10     | Entered Level 10 of the Dungeon
  8754 | D:10     | Noticed a gargoyle
  8828 | D:10     | Killed a gargoyle
  8920 | D:10     | Reached skill level 8 in Short Blades
  9088 | D:10     | Found a staircase to the Lair.
  9259 | D:11     | Found a portal to a secret trove of treasure.
  9301 | D:11     | Reached XP level 11. HP: 61/66 MP: 15/15
  9542 | D:11     | Reached ** piety under Ashenzari
  9784 | D:11     | Found a staircase to the Orcish Mines.
  9790 | D:11     | Noticed a cyclops
  9808 | D:11     | Killed a cyclops
  9882 | D:11     | Noticed a wizard
  9890 | D:11     | Killed a wizard
  9904 | D:11     | Noticed a large abomination
  9904 | D:11     | Noticed a large abomination
  9954 | D:11     | Noticed a cyan ugly thing
  9984 | D:11     | Killed a cyan ugly thing
 10212 | D:11     | Noticed a manticore
 10215 | D:11     | Noticed Fannar
 10232 | D:11     | Killed a manticore
 10250 | D:11     | Killed Fannar
 10355 | D:11     | Reached skill level 9 in Short Blades
 10399 | D:11     | Found Seownesch's Weapon Shop.
 11013 | Lair:1   | Entered Level 1 of the Lair of Beasts
 11423 | Lair:1   | Reached XP level 12. HP: 64/72 MP: 18/18
 12049 | Lair:2   | Noticed a four-headed hydra
 12059 | Lair:2   | Killed a four-headed hydra
 12109 | Lair:2   | Found a staircase to the Snake Pit.
 12192 | Lair:2   | Reached *** piety under Ashenzari
 12494 | Lair:2   | Noticed a six-headed hydra
 12504 | Lair:2   | Killed a six-headed hydra
 12603 | Lair:3   | Reached skill level 5 in Hexes
 12786 | Lair:3   | Reached skill level 5 in Spellcasting
 13131 | Lair:3   | Reached skill level 5 in Evocations
 13157 | Lair:3   | Reached skill level 10 in Short Blades
 13753 | Lair:4   | Reached XP level 13. HP: 68/79 MP: 18/20
 14057 | Lair:4   | Found a staircase to the Shoals.
 14962 | Lair:5   | Reached **** piety under Ashenzari
 15349 | Lair:5   | Found a transporter.
 15441 | Lair:5   | Found a transporter.
 15449 | Lair:5   | Noticed beigtais's ghost (journeyman DsCj)
 15529 | Lair:5   | Reached skill level 10 in Dodging
 15548 | Lair:5   | Killed beigtais's ghost
 15909 | Lair:6   | Entered Level 6 of the Lair of Beasts
 16049 | Lair:6   | Reached skill level 11 in Short Blades
 16331 | Lair:5   | Got the dagger of Youthful Indiscretion {protect, Stlth+}
 16332 | Lair:5   | Identified the +9 dagger of Youthful Indiscretion {protect,
                  | Stlth+} (You found it on level 5 of the Lair of Beasts)
 16457 | Lair:6   | HP: 4/80 [eight-headed hydra (9)]
 16460 | Lair:6   | Slain by a wolf

Skill      XL: |  1  2  3  4  5  6  7  8  9 10 11 12 13 |
---------------+----------------------------------------+-----
Short Blades   | 3 4 5 6 7 8 9 10 11 | 11.2
Stealth        | 1 2 3 4 5 6 |  6.0
Armour         | 1 2 3 4 5 6 7 8 9 |  9.2
Dodging        | 3 4 5 6 7 8 9 10 | 10.3
Fighting       | 3 4 5 6 7 8 9 |  9.5
Spellcasting   | 2 3 4 5 |  5.0
Hexes          | 2 3 4 5 6 |  6.4
Evocations     | 1 3 4 5 |  5.0
Throwing       | |  1.7

Action                   |  1- 3 |  4- 6 |  7- 9 | 10-12 | 13-15 || total
-------------------------+-------+-------+-------+-------+-------++-------
Melee: Rapier            |    38 |       |       |       |       ||    38
       Short sword       |   104 |   117 |   453 |  1127 |   497 ||  2298
       Dagger            |       |       |       |       |    87 ||    87
Throw: Throwing net      |     3 |     2 |     6 |     6 |     1 ||    18
 Cast: Confusing Touch   |       |       |       |    25 |    38 ||    63
 Abil: Evoke Flight      |       |       |       |     1 |       ||     1
Evoke: Wand              |       |       |       |     1 |     3 ||     4
  Use: Scroll            |     2 |     2 |    12 |     2 |     3 ||    21
       Potion            |     2 |       |     2 |     4 |     5 ||    13
 Stab: Sleeping          |     2 |     2 |     3 |     9 |     6 ||    22
       Held in net/web   |       |       |     1 |     1 |     1 ||     3
       Confused          |       |       |       |    32 |    34 ||    66
       Distracted        |       |       |       |       |     2 ||     2
  Eat: Chunk             |     2 |     4 |    14 |    15 |     9 ||    44
       Ration            |       |       |     3 |     1 |       ||     4
Armor: Leather armour    |    49 |    37 |    15 |       |       ||   101
       Skin              |    20 |       |       |       |       ||    20
       Plate armour      |       |       |    46 |       |       ||    46
       Ring mail         |       |       |   110 |   397 |   413 ||   920
Dodge: Dodged            |    71 |    80 |   209 |   651 |   598 ||  1609
